 Dungeon Crawl Stone Soup version 0.21-a0-510-g5070ee8 (webtiles) character file.

141 Hafrunt the Stinger (level 5, -1/38 HPs)
             Began as a Draconian Venom Mage on Nov 30, 2017.
             Slain by Grinder (3 damage)
             ... on level 3 of the Dungeon.
             The game lasted 00:13:16 (2952 turns).

Hafrunt the Stinger (Draconian Venom Mage)          Turns: 2952, Time: 00:13:17

Health: -1/38      AC:  7    Str: 10    XL:     5   Next: 3%
Magic:  2/9        EV: 12    Int: 16    God:
Gold:   87         SH:  0    Dex: 12    Spells: 4/10 levels left

rFire    . . .     SeeInvis .   s - +0 trident (vamp)
rCold    . . .     Gourm    .   (no shield)
rNeg     . . .     Faith    .   (armour unavailable)
rPois    .         Spirit   .   (helmet restricted)
rElec    .         Reflect  .   k - +1 cloak
rCorr    .         Harm     .   (no gloves)
MR       .....                  (no boots)
Stlth    ++........             (no amulet)
HPRegen  0.12/turn              (no ring)
MPRegen  0.11/turn              (no ring)

@: very slightly contaminated
A: unfitting armour, cold-blooded, AC +5
a: no special abilities


You were on level 3 of the Dungeon.
You were not hungry.

You visited 1 branch of the dungeon, and saw 3 of its levels.

You collected 87 gold pieces.

Inventory:

Hand Weapons
 i - a +0 mace
 s - a +0 vampiric trident (weapon)
Missiles
 h - 99 stones (quivered)
Armour
 k - a +1 cloak (worn)
Jewellery
 v - an uncursed ring of see invisible {unknown}
Scrolls
 e - 4 scrolls of teleportation {unknown}
 f - a scroll of enchant armour
 g - a scroll of blinking {unknown}
 l - 3 scrolls of identify {unknown}
 m - a scroll of remove curse {unknown}
 r - a scroll of noise {unknown}
 u - a scroll of enchant weapon {unknown}
Potions
 d - 2 potions of flight {unknown}
 j - 3 potions of curing
 o - a potion of might {unknown}
 p - a potion of invisibility {unknown}
 q - 3 potions of degeneration {unknown}
Books
 a - a Young Poisoner's Handbook

   Spells                             Type                      Level
   a - Sting                          Conjuration/Poison           1
   b - Poisonous Vapours              Poison/Air                   2
   c - Mephitic Cloud                 Conjuration/Poison/Air       3
   d - Olgreb's Toxic Radiance        Poison                       4
   e - Venom Bolt                     Conjuration/Poison           5
Comestibles
 b - a bread ration
 c - 3 meat rations
 n - a royal jelly
 t - 5 chunks of flesh


   Skills:
 - Level 1.7 Dodging
 - Level 1.7 Stealth
 + Level 3.0 Spellcasting
 + Level 2.5 Conjurations
 * Level 4.5 Poison Magic


You had 4 spell levels left.
You knew the following spells:

 Your Spells              Type           Power        Failure   Level  Hunger
a - Sting                 Conj/Pois      ##..         4%          1    #......
b - Poisonous Vapours     Pois/Air       #.....       11%         2    ##.....
c - Mephitic Cloud        Conj/Pois/Air  #.......     22%         3    ###....


Dungeon Overview and Level Annotations

Branches:
Dungeon (3/15)

Altars:
Sif Muna
Zin

Annotations:
D:2 Sigmund
D:3 Grinder


Innate Abilities, Weirdness & Mutations

Your plain brown scales are hard. (AC +5)
You cannot fit into any form of body armour.
You are cold-blooded and may be slowed by cold attacks.


Message History

Beogh smites you!
* * * LOW HITPOINT WARNING * * *
As you read the scroll labeled WEAPRA XAZAN, it crumbles to dust.
It is a scroll of enchant armour.
Your +0 cloak glows green for a moment.
Grinder barely misses you. The orc priest closely misses you.
It was a potion of curing.
You feel better. Grinder closely misses you.
The orc priest hits you with a short sword.
You hit the orc priest but do no damage.
Grinder hits you.
* * * LOW HITPOINT WARNING * * *
You writhe in agony.
* * * LOW HITPOINT WARNING * * *
The orc priest mumbles some strange prayers to Beogh against you.
You barely resist.
You hit the orc priest but do no damage.
Grinder hits you.
* * * LOW HITPOINT WARNING * * *
You writhe in agony.
You die...

# ........#........#
........#.#.######
........#.#.#
#..o...#...# .#
#..o...#.#.###### #.#
#...5###......# #.#
#....'.{## #.# #.#
#....##o# #.# #.#
#....##@# ###.# #.#
#######5###..)## ..#
######[..#.#..#
..#########.............#
..)..........####.####..#
#..########..##.....##..#
#......# ##.#.......#..#
#.####.# #.#.......#..#
.>.....# #....._......#


You could see Grinder and an orc priest.

Vanquished Creatures
  Jessica (D:3)
  Terence (D:3)
  4 adders
  3 worms
  A dart slug (D:1)
  4 orcs (D:3)
  2 giant cockroaches
  4 goblins
  4 hobgoblins
  2 jackals (D:1)
  A quokka (D:2)
  2 ball pythons
  5 bats
  2 frilled lizards
  2 kobolds
  6 rats
44 creatures vanquished.

Notes
Turn   | Place    | Note
-------+----------+-------------------------------------------
     0 | D:1      | Hafrunt the Draconian Venom Mage began the quest for the Orb.
     0 | D:1      | Reached XP level 1. HP: 14/14 MP: 3/3
     7 | D:1      | Noticed a minotaur skeleton
    10 | D:1      | Noticed a minotaur skeleton
   315 | D:1      | Reached XP level 2. HP: 20/20 MP: 1/5
   550 | D:1      | Learned a level 2 spell: Poisonous Vapours
  1415 | D:2      | Reached XP level 3. HP: 26/26 MP: 1/6
  1620 | D:2      | Noticed Sigmund
  2014 | D:2      | Learned a level 3 spell: Mephitic Cloud
  2295 | D:3      | Noticed Grinder
  2436 | D:3      | Reached skill level 4 in Poison Magic
  2436 | D:3      | Reached XP level 4. HP: 33/33 MP: 1/7
  2669 | D:3      | Noticed Terence
  2682 | D:3      | Killed Terence
  2752 | D:3      | Noticed Jessica
  2762 | D:3      | Killed Jessica
  2860 | D:3      | Found a glowing silver altar of Zin.
  2895 | D:3      | Found a deep blue altar of Sif Muna.
  2928 | D:3      | Paralysed by Grinder for 2 turns
  2938 | D:3      | Reached XP level 5. HP: 32/38 MP: 6/9
  2952 | D:3      | Slain by Grinder

Vault maps used:
D:1:      shiori_arrival_whats_in_store_for_you
D:2:      uniq_sigmund
D:3:      old_standard_altar, nicolae_overflow_hidden_temple, first_bread,
          uniq_grinder, uniq_terence, uniq_jessica

Skill      XL: |  1  2  3  4  5 |
---------------+----------------+-----
Conjurations   | 2 |  2.5
Poison Magic   | 4 |  4.5
Spellcasting   | 3 |  3.0
Dodging        | |  1.7
Stealth        | |  1.7

Action                   |  1- 3 |  4- 6 || total
-------------------------+-------+-------++-------
Melee: Unarmed           |     1 |       ||     1
       Mace              |    50 |    16 ||    66
       Tailslap          |     2 |     2 ||     4
       Trident           |       |    15 ||    15
 Cast: Sting             |    61 |    20 ||    81
       Poisonous Vapours |     3 |     1 ||     4
  Use: Scroll            |       |     1 ||     1
       Potion            |       |     1 ||     1
  Eat: Chunk             |     6 |     2 ||     8
       Bread ration      |       |     1 ||     1
Armor: Skin              |    27 |     7 ||    34
Dodge: Dodged            |    73 |    20 ||    93

Table legend:
 A = Spawn XP
 B = Non-spawn XP
 C = Spawn XP percentage of total XP
 D = Spawn monster count
 E = Non-spawn monster count
 F = Spawn count percentage of total count
 G = Total turns spent on level
                    A         B        C        D         E        F      G
               +---------+---------+-------+---------+---------+-------+---------
         Total |       0 |     202 |   0.0 |       0 |      44 |   0.0 |  2952
               +---------+---------+-------+---------+---------+-------+---------
           D:1 |       0 |      26 |   0.0 |       0 |      16 |   0.0 |  1198
           D:2 |       0 |      63 |   0.0 |       0 |      14 |   0.0 |  1158
           D:3 |       0 |     113 |   0.0 |       0 |      14 |   0.0 |   596
               +---------+---------+-------+---------+---------+-------+---------
